 Dungeon Crawl Stone Soup version 0.19-a0-1454-g889e34b (webtiles) character file.

208 Cheibrodos the Cutter (level 5, 0/35 HPs)
             Began as a Mummy Enchanter on Sept 6, 2016.
             Slain by a gnoll
             ... wielding a +0 spear
              (6 damage)
             ... on level 3 of the Dungeon.
             The game lasted 00:05:00 (3189 turns).

Cheibrodos the Cutter (Mummy Enchanter)             Turns: 3189, Time: 00:05:00

Health: 0/35       AC:  5    Str: 11    XL:     5   Next: 55%
Magic:  2/8        EV: 12    Int: 15    God:
Gold:   111        SH:  0    Dex: 13    Spells: 2 memorised, 5 levels left

rFire  x . .     SeeInvis .     a - +2 dagger
rCold  + . .     Gourm    .     b - +1 robe
rNeg   + + +     Faith    .     (no shield)
rPois  ∞         Spirit   .     (no helmet)
rElec  .         Dismiss  .     (no cloak)
rCorr  .         Reflect  .     l - +1 pair of gloves
MR     .....     Harm     .     (no boots)
Stlth  ++........               (no amulet)
                                (no ring)
                                (no ring)

@: very slightly contaminated
A: no food or potions, fire vulnerability, cold resistance 1, negative energy
resistance 3, torment resistance, unbreathing
a: no special abilities


You were on level 3 of the Dungeon.
You were not hungry.

You visited 1 branch of the dungeon, and saw 3 of its levels.

You collected 111 gold pieces.


Innate Abilities, Weirdness & Mutations

You do not eat or drink.
Your flesh is vulnerable to fire.
You are immune to poison.
Your flesh is cold resistant. (rC+)
You are immune to negative energy. (rN+++)
You are immune to unholy pain and torment.
You can survive without breathing.


   Skills:
 + Level 4.6 Short Blades
 - Level 1.5 Dodging
 - Level 2.4 Stealth
 - Level 2.0 Spellcasting
 - Level 2.6 Hexes


You had 5 spell levels left.
You knew the following spells:

 Your Spells              Type           Power        Failure   Level  Hunger
a - Corona                Hex            #......      10%         1    N/A
b - Ensorcelled Hibernat  Hex/Ice        #.....       21%         2    N/A

Inventory:

Hand Weapons
 a - a +2 dagger (weapon)
 g - a +1 vampiric spear
Armour
 b - a +1 robe (worn)
 l - a +1 pair of gloves (worn)
Jewellery
 d - an uncursed amulet of the gourmand {unknown}
 m - an uncursed amulet of faith {unknown}
Scrolls
 j - a scroll of recharging
Books
 c - a book of Maledictions

   Spells                             Type                      Level
   a - Corona                         Hexes                        1
   b - Ensorcelled Hibernation        Hexes/Ice                    2
   c - Confuse                        Hexes                        3
   d - Tukima's Dance                 Hexes                        3
   e - Dazzling Spray                 Conjuration/Hexes            3

♣♣♣♣ ##♣♣P.♣♣♣#
#§o@..P..♣ #g♣PP.♣.♣♣♣
#§#♣♣....P♣♣ ####### .
#§#.♣♣♣P.P.♣ #...... ..
##>#.♣PP♣.♣♣♣ #....<.
#..####### #..#..♣♣♣♣♣♣
#......
.........###..#.......#
#...... #
##...##......#.......#
#..<...
..####..)###.#.........#
#......


You could see a gnoll and an orc.


Message History

a ring mail; a scroll of remove curse {@r2}; a flail x2; a leather armour The orc wizard hits you but does no damage.
Casting: Ensorcelled Hibernation
Confirm with . or Enter, or press ? or * to list all spells.
Aiming: Ensorcelled Hibernation
Press: ? - help, Shift-Dir - straight line, f - orc wizard
Aim: an orc wizard, wielding a dagger and wearing a robe (black smoke, fast, chance to defeat MR: 37%)
The orc wizard looks drowsy...
The helpless orc wizard fails to defend itself.
You puncture the orc wizard!
You kill the orc wizard!
The gnoll hits you from afar with a spear!
A gnoll comes into view. It is wielding a whip of venom.
The orc closely misses you.
Items here: ! $ ))) ? [[[ † The orc hits you with a short sword.
Okay, then.
You aren't carrying any items that you can evoke without wielding.
Unknown command.
You hit the orc.
The orc is severely wounded.
The orc barely misses you.
The gnoll hits you from afar with a spear.
* * * LOW HITPOINT WARNING * * *
You hit the orc.
The orc is almost dead.
The orc hits you with a short sword.
* * * LOW HITPOINT WARNING * * *
The gnoll hits you from afar with a spear.
You die...

Action                   |  1- 3 |  4- 6 || total
-------------------------+-------+-------++-------
Melee: Dagger            |   149 |   245 ||   394
 Cast: Corona            |    16 |     7 ||    23
       Ensorcelled Hiber |     4 |    11 ||    15
  Use: Scroll            |       |     7 ||     7
 Stab: Sleeping          |     2 |     9 ||    11
Armor: Robe              |    36 |    17 ||    53
Dodge: Dodged            |    97 |    63 ||   160

Vault maps used:
D:1:      denvon_arrival_planthouse
D:2:      nicolae_overflow_crystal_walls, uniq_sigmund
D:3:      serial_forest, infiniplex_forest_diagonal,
          infiniplex_forest_clump_curved, infiniplex_forest_clump_curved,
          infiniplex_forest_end_3, infiniplex_forest_end_3

Notes
Turn   | Place    | Note
-------+----------+-------------------------------------------
     0 | D:1      | Cheibrodos the Mummy Enchanter began the quest for the Orb.
     0 | D:1      | Reached XP level 1. HP: 13/13 MP: 3/3
    43 | D:1      | Reached skill level 1 in Short Blades
   262 | D:1      | Reached XP level 2. HP: 19/19 MP: 5/5
   268 | D:1      | Learned a level 2 spell: Ensorcelled Hibernation
   557 | D:1      | Reached skill level 2 in Short Blades
  1011 | D:2      | Reached XP level 3. HP: 22/24 MP: 4/6
  1351 | D:2      | Found a hazy altar of Hepliaklqana.
  1381 | D:2      | Noticed Sigmund
  1407 | D:2      | Reached skill level 3 in Short Blades
  1813 | D:2      | Reached XP level 4. HP: 25/30 MP: 4/7
  2692 | D:3      | Reached skill level 4 in Short Blades
  2692 | D:3      | Reached XP level 5. HP: 34/35 MP: 2/8
  3189 | D:3      | Slain by a gnoll

Vanquished Creatures
  A hound (D:3)
  An orc priest (D:3)
  An orc wizard (D:3)
  2 gnolls (D:3)
  5 adders
  An ooze (D:2)
  A dart slug (D:2)
  2 giant geckos (D:1)
  An orc (D:3)
  6 bats
  3 giant cockroaches
  7 goblins
  6 jackals
  5 kobolds
  2 quokkas (D:2)
  A ball python (D:1)
  A giant newt (D:2)
  7 rats
  A plant (D:3)
54 creatures vanquished.

Vanquished Creatures (others)
  A bush (D:3)
1 creature vanquished.

Grand Total: 55 creatures vanquished
